 Dungeon Crawl Stone Soup version 0.30-a0-358-g0d69a1922f (webtiles) character file.

Game seed: 1621386749484621849

135 IndexError the Ruffian (level 4, -7/35 HPs)
             Began as a Draconian Transmuter on Nov 9, 2022.
             Killed from afar by an orc wizard (8 damage)
             ... with a puff of flame
             ... on level 3 of the Dungeon.
             The game lasted 00:06:12 (3053 turns).

IndexError the Ruffian (Draconian Transmuter)       Turns: 3053, Time: 00:06:13

Health: -7/35      AC:  5    Str: 12    XL:     4   Next: 97%
Magic:  7/7        EV: 12    Int: 16    God:
Gold:   191        SH:  0    Dex: 11    Spells: 1/7 levels left

rFire   . . .      SeeInvis .    q - +1 dagger (elec)
rCold   . . .      Faith    .    (no shield)
rNeg    . . .      Spirit   .    (body armour unavailable)
rPois   .          Reflect  .    (helmet restricted)
rElec   .          Harm     .    (no cloak)
rCorr   .          Rampage  .    (no gloves)
Will    .....                    (no boots)
Stlth   +.........               (no amulet)
HPRegen 0.25/turn                (no ring)
MPRegen 0.10/turn                (no ring)

@: no status effects
A: AC +5, unfitting armour, cold-blooded
a: no special abilities


You were on level 3 of the Dungeon.
You visited 1 branch of the dungeon, and saw 3 of its levels.

You collected 191 gold pieces.

Inventory:

Hand Weapons
 q - a +1 dagger of electrocution (weapon)
   (You took it off a goblin on level 3 of the Dungeon)
Missiles
 o - a throwing net {=f, !d}
 p - 6 poisoned darts
Magical Staves
 k - a staff of cold {rC+}
   (You found it on level 2 of the Dungeon)
 l - a staff of air {rElec}
   (You found it on level 3 of the Dungeon)
Scrolls
 d - 3 scrolls of identify {unknown}
 e - a scroll of immolation {unknown}
 g - 2 scrolls of poison {unknown}
 h - a scroll of fog {unknown}
 i - a scroll of magic mapping {unknown}
 m - a scroll of teleportation {unknown}
Potions
 a - 3 potions of lignification {!q}
 b - a potion of brilliance {unknown}
 f - 3 potions of degeneration {unknown}
 j - a potion of heal wounds {unknown}
 n - a potion of curing


   Skills:
 - Level 1.1 Fighting
 - Level 1.7 Dodging
 + Level 4.5 Unarmed Combat
 - Level 2.0 Spellcasting
 + Level 3.9 Transmutations


You had one spell level left.
You knew the following spells:

 Your Spells              Type           Power      Damage    Failure   Level
a - Beastly Appendage     Tmut           28%        N/A       4%          1
b - Wereblood             Tmut           14%        N/A       6%          2
c - Spider Form           Tmut/Pois      7%         N/A       28%         3

Your spell library contained the following spells:

 Spells                   Type           Power      Damage    Failure   Level
 Apportation              Tloc           2%         N/A       21%         1
 Passwall                 Tmut/Erth      5%         N/A       14%         2
 Ensorcelled Hibernation  Hex/Ice        2%         N/A       30%         2
 Dazzling Flash           Conj/Hex       2%         N/A       52%         3
 Portal Projectile        Hex/Tloc       2%         N/A       52%         3
 Swiftness                Air            1%         N/A       52%         3
 Tukima's Dance           Hex            1%         N/A       52%         3
 Ice Form                 Ice/Tmut       7%         N/A       67%         4
 Blade Hands              Tmut           7%         N/A       75%         5
 Iskenderun's Mystic Bla  Conj/Tloc      1%         2d3       90%         4
 Alistair's Intoxication  Tmut/Pois      4%         N/A       95%         5
 Starburst                Conj/Fire      0%         6d3       100%        6


Dungeon Overview and Level Annotations

Branches:
Dungeon (3/15)

Altars:
Makhleb


Innate Abilities, Weirdness & Mutations

Your plain brown scales are hard. (AC +5)
You cannot fit into any form of body armour.
You are cold-blooded and may be slowed by cold attacks.


Message History

Your transformation is almost over.
The orc wizard closely misses you.
Spoiler Alert: The orc wizard might cast Slow, Confuse, Throw Flame, Throw Frost, or go Invisible!
You hit the orc wizard. Your kick misses the orc wizard.
Your headbutt misses the orc wizard.
You tail-slap the orc wizard, but do no damage.
The orc wizard gestures at you while chanting.
You resist with some effort.
Spoiler Alert: The orc wizard might cast Slow, Confuse, Throw Flame, Throw Frost, or go Invisible!
You hit the orc wizard but do no damage.
You howl as the wereblood boils in your veins!
The orc wizard closely misses you.
Spoiler Alert: The orc wizard might cast Slow, Confuse, Throw Flame, Throw Frost, or go Invisible!
You hit the orc wizard but do no damage.
You claw the orc wizard. Your headbutt misses the orc wizard.
The orc wizard casts a spell.
The orc wizard flickers and vanishes!
Deactivating autopickup; reactivate with Ctrl-A.
You closely miss something. Your kick misses something.
Your headbutt misses something.
You hear some strange, mumbled words.
You are confused.
You are too confused!
You are too confused!
You barely miss something. Your kick misses something.
Your tail-slap misses something.
You hear some strange, mumbled words.
A puff of flame appears from out of thin air!
The puff of flame hits you!
You take 7 damage, and have 28/35 hp.
You bump into the rock wall.
Something hits you but does no damage.
You closely miss something. Your punch misses something. Something hits you.
You take 1 damage, and have 27/35 hp.
You bump into the rock wall.
Your horns disappear.
Your talons disappear.
Something hits you but does no damage.
You bump into the rock wall.
Something hits you.
You take 1 damage, and have 26/35 hp.
You bump into the rock wall.
Something hits you but does no damage.
You feel less confused.
You hear some strange, mumbled words.
A puff of flame appears from out of thin air!
The puff of flame hits you.
You take 2 damage, and have 24/35 hp.
Something hits you.
You take 4 damage, and have 20/35 hp.
You closely miss something. Something hits you but does no damage.
You hit something but do no damage.
You howl as the wereblood boils in your veins!
Something hits you but does no damage.
You hit something. Something hits you.
You take 1 damage, and have 19/35 hp.
MP restored: 7 You closely miss something.
You howl as the wereblood boils in your veins!
You hear some strange, mumbled words.
Something tries to affect you, but you resist.
You barely miss something. You tail-slap something.
You howl as the wereblood boils in your veins!
Something barely misses you.
You hit something but do no damage.
Your tail-slap misses something.
Something hits you but does no damage.
You barely miss something.
Your primal bloodlust is almost over.
Something hits you but does no damage.
You hit something. Something hits you but does no damage.
You closely miss something. Something hits you but does no damage.
You barely miss something.
Your tail-slap misses something.
Something hits you.
You take 1 damage, and have 19/35 hp.
You miss something. Something hits you.
You take 2 damage, and have 17/35 hp.
You closely miss something.
Your tail-slap misses something.
Something hits you but does no damage.
You hit something.
Your primal bloodlust has ended.
Something hits you.
You take 2 damage, and have 15/35 hp.
You miss something.
You hear some strange, mumbled words.
A magic dart appears from out of thin air!
The magic dart hits you.
You take 1 damage, and have 14/35 hp.
You closely miss something.
Your tail-slap misses something.
Something hits you.
You take 2 damage, and have 12/35 hp.
You hit something but do no damage. Your punch misses something.
Something hits you.
* * * LOW HITPOINT WARNING * * *
You take 4 damage, and have 8/35 hp.
You hit something.
Your tail-slap misses something.
You hear some strange, mumbled words.
A magic dart appears from out of thin air!
The magic dart hits you!
* * * LOW HITPOINT WARNING * * *
You take 7 damage, and have 1/35 hp.
You hit something.
You hear some strange, mumbled words.
A puff of flame appears from out of thin air!
The puff of flame hits you!
You die...

#.#
#.##.#
#.#
#.##.#
#.#######
#.##.#
#..†....#
#.##.#
#######.#
#.##.###
### #.#
#.##...#
..## #.#
#.####.#
...####.#
#..# #.#
........#
##.# #@#
...######
#.# #{#
..## #.#
#o# .##
#.# #o#
.# #.#
#.# .#
#.# #.#
.# #.#
... >#
#.# .#.
)# #.#


You could see 2 orcs.

Vanquished Creatures
  Jessica (D:2)
  4 adders
  2 worms (D:3)
  2 dart slugs (D:1)
  3 orcs (D:3)
  7 ball pythons
  4 endoplasms (D:1)
  2 giant cockroaches
  11 goblins
  5 hobgoblins
  4 quokkas
  A bat (D:3)
  5 frilled lizards
  4 kobolds
  8 rats
63 creatures vanquished.

Notes
Turn   | Place    | Note
-------+----------+-------------------------------------------
     0 | D:1      | IndexError the Draconian Transmuter began the quest for the
                  | Orb.
     0 | D:1      | Reached XP level 1. HP: 16/16 MP: 3/3
   165 | D:1      | Reached XP level 2. HP: 18/23 MP: 3/5
   829 | D:1      | Reached XP level 3. HP: 21/28 MP: 4/6
  1221 | D:2      | Learned a level 2 spell: Wereblood
  1225 | D:2      | Learned a level 3 spell: Spider Form
  1582 | D:2      | Reached skill level 3 in Transmutations
  1603 | D:2      | Noticed Jessica
  1668 | D:2      | Killed Jessica
  1669 | D:2      | Reached skill level 4 in Unarmed Combat
  1669 | D:2      | Reached XP level 4. HP: 25/35 MP: 5/7
  1729 | D:2      | Found a burning altar of Makhleb.
  3051 | D:3      | HP: 8/35 [something (4)]
  3052 | D:3      | HP: 1/35 [something/magic dart (7)]
  3053 | D:3      | Killed from afar by an orc wizard

Illustrated notes

Levels and vault maps discovered:
D:1:      minmay_arrival_pointy, layout_basic, minmay_pentomino_z4
D:2:      layout_basic, basic_altar, uniq_jessica
D:3:      layout_loops_ring

Skill      XL: |  1  2  3 |
---------------+----------+-----
Transmutations | 3 |  3.9
Unarmed Combat | 4 |  4.5
Fighting       | |  1.1
Dodging        | |  1.7
Spellcasting   | |  2.0

Action                   |  1- 3 |  4- 6 || total
-------------------------+-------+-------++-------
Melee: Unarmed           |    31 |       ||    31
       Kick              |    14 |    18 ||    32
       Headbutt          |    15 |    11 ||    26
       Tailslap          |     6 |     8 ||    14
       Dagger            |    64 |    62 ||   126
       Staff             |       |    56 ||    56
       Punch             |       |     2 ||     2
 Cast: Beastly Appendage |    26 |    22 ||    48
       Wereblood         |     1 |     1 ||     2
Armor: Skin              |    27 |    58 ||    85
Dodge: Dodged            |    50 |    55 ||   105

Table legend: (Time is in decaauts)
 A = Elapsed time spent in this place.
 B = Non-inter-level travel time spent in this place.
 C = Inter-level travel time spent in this place.
 D = Time resting spent in this place.
 E = Time spent auto-exploring this place.
 F = Levels seen in this place.
 G = Mean time per level.
                   A        B        C        D        E       F      G
               +--------+--------+--------+--------+--------+-----+--------+
         Total |   3067 |   2854 |    213 |      0 |   2340 |   3 | 1022.3 |
       Dungeon |   3067 |   2854 |    213 |      0 |   2340 |   3 | 1022.3 |
               +--------+--------+--------+--------+--------+-----+--------+

Top non-repeatable levels by time:
     D:1: 1280 daAuts
     D:3: 967 daAuts
     D:2: 819 daAuts

Table legend:
 A = Kills in this place as a percentage of kills in entire the game.
 B = Kills by you in this place as a percentage of kills by you in the entire game.
 C = Kills by friends in this place as a percentage of kills by friends in the entire game.
 D = Other kills in this place as a percentage of other kills in the entire game.
 E = Experience gained in this place as a percentage of experience gained in the entire game.
 F = Experience gained in this place divided by the number of levels of this place that you have seen.
                   A       B       C       D       E      F
               +-------+-------+-------+-------+-------+----------------------
         Total | 100.0 | 100.0 |   N/A |   N/A | 100.0 |  64.7
       Dungeon | 100.0 | 100.0 |   N/A |   N/A | 100.0 |  64.7
               +-------+-------+-------+-------+-------+----------------------
